 Dungeon Crawl Stone Soup version 0.22.0-78-g6c94d2c (webtiles) character file.

528 MalarOregon the Insei (level 7, -1/35 HPs)
             Began as a Vine Stalker Transmuter on Sept 16, 2018.
             Was an Initiate of Makhleb.
             Slain by an orc warrior
             ... wielding a +0 trident
              (10 damage)
             ... on level 4 of the Dungeon.
             The game lasted 00:08:45 (3347 turns).

MalarOregon the Insei (Vine Stalker Transmuter)     Turns: 3347, Time: 00:08:46

Health: -1/35      AC:  6    Str: 13    XL:     7   Next: 23%
Magic:  0/14       EV: 13    Int: 15    God:    Makhleb [......]
Gold:   143        SH:  0    Dex: 14    Spells: 11/14 levels left

rFire    . . .     SeeInvis .     - Unarmed
rCold    . . .     Gourm    .   (no shield)
rNeg     . . .     Faith    .   b - +0 robe
rPois    +         Spirit   +   (no helmet)
rElec    .         Reflect  .   l - +0 cloak
rCorr    .         Harm     .   e - +0 pair of gloves
MR       .....                  y - +1 pair of boots
Stlth    +.........             (no amulet)
HPRegen  0.51/turn              u - ring of poison resistance
MPRegen  0.14/turn              s - +2 ring of slaying

@: appendage
A: fangs 2, horns 2, regeneration 1, magic shield, antimagic bite, no potion
heal 3, rot immunity
a: End Transformation, Renounce Religion


You were on level 4 of the Dungeon.
You worshipped Makhleb.
Makhleb was noncommittal.
You were not hungry.
You had grown temporary horns.
You visited 2 branches of the dungeon, and saw 5 of its levels.

You collected 143 gold pieces.

Inventory:

Missiles
 a - 62 arrows
Armour
 b - a +0 robe (worn)
 e - a +0 pair of gloves (worn)
 l - a +0 cloak (worn)
 y - a +1 pair of boots (worn)
Jewellery
 s - a +2 ring of slaying (right hand)
 u - a ring of poison resistance (left hand)
Scrolls
 i - a scroll of amnesia {unknown}
 m - a scroll of blinking {unknown}
 o - 2 scrolls of remove curse
 q - a scroll of enchant weapon {unknown}
 v - a scroll of teleportation {unknown}
 x - a scroll of fog {unknown}
 z - 2 scrolls of enchant armour
Potions
 g - a potion of might {unknown}
 h - 2 potions of curing {unknown}
 j - a potion of brilliance {unknown}
 n - 2 potions of haste
 r - a potion of berserk rage {unknown}
 t - a potion of agility {unknown}
 w - 2 potions of lignification {unknown}
Comestibles
 c - 2 chunks of flesh
 d - 2 rations


   Skills:
 + Level 2.3 Fighting
 + Level 2.6 Dodging
 * Level 4.7 Unarmed Combat
 * Level 4.2 Spellcasting
 * Level 4.2 Transmutations
 + Level 0.2 Invocations


You had 11 spell levels left.
You knew the following spells:

 Your Spells              Type           Power        Failure   Level  Hunger
a - Beastly Appendage     Tmut           ###...       3%          1    None
b - Sticks to Snakes      Tmut           ###.....     4%          2    ##.....

Your spell library contained the following spells:

 Spells                   Type           Power        Failure   Level  Hunger
 Spider Form              Tmut/Pois      #.........   22%         3    ###....
 Ice Form                 Ice/Tmut       #.......     58%         4    ####...
 Blade Hands              Tmut           ###.......   65%         5    ######.


Dungeon Overview and Level Annotations

Branches:
Dungeon (4/15)             Temple (1/1) D:4

Altars:
Ashenzari
Cheibriados
Dithmenos
Elyvilon
Fedhas
Hepliaklqana
Kikubaaqudgha
Makhleb
Nemelex Xobeh
Qazlal
Ru
Trog
Wu Jian
Yredelemnul
Zin
The Shining One


Innate Abilities, Weirdness & Mutations

You have extremely sharp teeth.
Your natural rate of healing is unusually fast.
When hurt, damage is shared between your health and your magic reserves.
Your bite disrupts and absorbs the magic of your enemies.
Potions cannot restore your health.
You are immune to rotting.
You have a pair of horns on your head.


Message History

There is a staircase to the Ecumenical Temple here.
You hit the orc warrior but do no damage.
Your headbutt misses the orc warrior.
You bite the orc warrior, but do no damage.
The orc warrior hits you with a trident!
You hit the orc warrior but do no damage.
Your bite misses the orc warrior.
The orc warrior hits you with a trident!
* * * LOW HITPOINT WARNING * * *
You hit the orc warrior but do no damage.
Your headbutt misses the orc warrior.
You hit the orc warrior but do no damage.
You bite the orc warrior, but do no damage.
The orc warrior hits you with a trident!
* * * LOW HITPOINT WARNING * * *
The orc warrior barely misses you. The orc warrior barely misses you.
Okay, then.
The orc warrior hits you from afar with a trident!
You die...

#..........#
#.8.8.8....##.
#..⌠.⌠.......
##.8.>.8......
##.÷.⌠.⌠....##
##[[.8.8.8...#
#.(#.....o..##
##.#####.....#
##..# ##@..##
#######..##
#...#
........##
#...#
###.....#
##.##
######..# ###
........####
...........##
............##
.....).......#


You could see an orc warrior.

Vanquished Creatures
  Duvessa (D:4)
  Dowan (D:4)
  A scorpion (D:4)
  An orc priest (D:4)
  An orc wizard (D:4)
  A worker ant (D:4)
  9 adders
  A howler monkey skeleton (D:4)
  A shadow imp (D:3)
  2 oozes
  An adder skeleton (D:4)
  4 worms (D:2)
  A dart slug (D:1)
  3 leopard geckos
  6 orcs
  2 ball pythons
  7 giant cockroaches
  11 goblins
  8 hobgoblins
  14 jackals
  9 kobolds
  A quokka (D:4)
  8 bats
  7 frilled lizards
  A jackal skeleton (D:4)
  7 rats
109 creatures vanquished.

Vanquished Creatures (collateral kills)
  An adder (D:2)
1 creature vanquished.

Grand Total: 110 creatures vanquished

Notes
Turn   | Place    | Note
-------+----------+-------------------------------------------
     0 | D:1      | MalarOregon the Vine Stalker Transmuter began the quest for
                  | the Orb.
     0 | D:1      | Reached XP level 1. HP: 9/9 MP: 4/4
   196 | D:1      | Reached skill level 1 in Fighting
   196 | D:1      | Reached XP level 2. HP: 9/14 MP: 4/6
   208 | D:1      | Learned a level 2 spell: Sticks to Snakes
   518 | D:1      | Reached XP level 3. HP: 8/18 MP: 4/7
  1125 | D:2      | Gained mutation: Your natural rate of healing is unusually
                  | fast. [Vine Stalker growth]
  1125 | D:2      | Reached XP level 4. HP: 22/22 MP: 7/9
  1315 | D:2      | Found a glowing silver altar of Zin.
  1631 | D:2      | Reached XP level 5. HP: 25/25 MP: 8/10
  2335 | D:3      | Found a stormy altar of Qazlal.
  2550 | D:4      | Noticed Duvessa
  2553 | D:4      | Noticed Dowan
  2669 | D:3      | Reached XP level 6. HP: 23/30 MP: 10/12
  2771 | D:4      | Killed Duvessa
  2820 | D:4      | Killed Dowan
  2932 | D:4      | Reached XP level 7. HP: 29/35 MP: 14/14
  2948 | D:4      | Found a staircase to the Ecumenical Temple.
  2974 | Temple   | Entered the Ecumenical Temple
  3219 | Temple   | Became a worshipper of Makhleb the Destroyer
  3347 | D:4      | Slain by an orc warrior

Skill      XL: |  1  2  3  4  5  6 |
---------------+-------------------+-----
Fighting       | 1 2 |  2.3
Spellcasting   | 3 4 |  4.2
Transmutations | 3 4 |  4.2
Dodging        | 2 |  2.6
Unarmed Combat | 4 |  4.7
Invocations    | |  0.2

Action                   |  1- 3 |  4- 6 |  7- 9 || total
-------------------------+-------+-------+-------++-------
Melee: Unarmed           |   115 |   215 |    18 ||   348
       Bite              |    18 |    49 |     7 ||    74
       Kick              |    11 |    19 |       ||    30
       Headbutt          |    10 |    19 |     1 ||    30
       Punch             |       |       |     1 ||     1
 Cast: Beastly Appendage |    19 |    42 |     4 ||    65
       Sticks to Snakes  |       |     4 |       ||     4
  Use: Scroll            |       |     5 |       ||     5
 Stab: Sleeping          |     1 |     2 |       ||     3
  Eat: Chunk             |     1 |     7 |     1 ||     9
Armor: Robe              |    34 |    67 |     3 ||   104
Dodge: Dodged            |    71 |   106 |     8 ||   185
